 Dungeon Crawl Stone Soup version 0.28-a0-1356-g2ad6d04315 (webtiles) character file.

Game seed: 7400309669956894271

7967 Armakuni the Spear-Bearer (level 11, 0/79 HPs)
             Began as a Human Wanderer on Dec 30, 2021.
             Was an Initiate of Gozag.
             Slain by a water moccasin (8 damage)
             ... on level 1 of the Lair of Beasts.
             The game lasted 00:18:34 (10142 turns).

Armakuni the Spear-Bearer (Human Wanderer)         Turns: 10142, Time: 00:18:34

Health: 0/79       AC:  7    Str: 25    XL:     11   Next: 47%
Magic:  12/12      EV: 10    Int: 11    God:    Gozag
Gold:   717        SH: 14    Dex: 12    Spells: 12/12 levels left

rFire   . . .      SeeInvis .   a - +8 demon trident (freeze)
rCold   . . .      Faith    .   g - +3 kite shield
rNeg    . . .      Spirit   .   n - +0 steam dragon scales
rPois   .          Reflect  .   (no helmet)
rElec   .          Harm     .   (no cloak)
rCorr   .          Rampage  .   y - +0 pair of gloves
Will    +....                   A - +0 pair of boots
Stlth   +.........              (no amulet)
HPRegen 0.23/turn               G - ring of willpower
MPRegen 0.13/turn               V - +6 ring of strength

@: no status effects
A: no striking features
a: Renounce Religion, Potion Petition, Call Merchant, Bribe Branch


You were on level 1 of the Lair of Beasts.
You worshipped Gozag.
Gozag was pleased with you.
You visited 3 branches of the dungeon, and saw 11 of its levels.
You also visited: Ossuary.

You collected 1336 gold pieces.
You spent 532 gold pieces at shops.
You paid 87 gold pieces to Gozag.

Inventory:

Hand Weapons
 a - a +8 demon trident of freezing (weapon)
 z - a +1 broad axe of electrocution
Missiles
 m - 6 javelins (quivered)
 u - 17 poisoned darts
Armour
 g - a +3 kite shield (worn)
 k - a +0 plate armour
 n - +0 steam dragon scales (worn)
 y - a +0 pair of gloves (worn)
 A - a +0 pair of boots (worn)
Jewellery
 h - a +4 ring of protection
 G - a ring of willpower (left hand)
 J - a ring of protection from cold
 V - a +6 ring of strength (right hand)
 W - the ring of the Mage {Wiz Archmagi}
   (You acquired it on level 9 of the Dungeon)

   [ring of wizardry]

   It improves your spell success rate.
   Archmagi:  It increases the power of your magical spells.
Wands
 c - a wand of charming (8)
 j - a wand of iceblast (28)
 v - a wand of flame (21)
Scrolls
 b - a scroll of immolation
 i - 4 scrolls of teleportation
 q - a scroll of noise
 B - a scroll of torment
 C - 2 scrolls of vulnerability
 D - a scroll of blinking
 H - a scroll of amnesia
Potions
 d - 5 potions of berserk rage
 e - 2 potions of brilliance
 f - a potion of might
 l - 4 potions of lignification
 o - 2 potions of curing
 p - 4 potions of flight
 r - 2 potions of mutation
 s - a potion of resistance
 t - 3 potions of heal wounds
 w - a potion of attraction {unknown}
 F - a potion of invisibility {unknown}
 I - a potion of haste {unknown}


   Skills:
 - Level 5.0 Fighting
 - Level 1.0 Maces & Flails
 + Level 12.2 Polearms
 - Level 2.0 Armour
 + Level 10.5 Shields
 - Level 1.0 Spellcasting
 - Level 5.0 Evocations


You had 12 spell levels left.
You didn't know any spells.
Your spell library contained the following spells:

 Spells                   Type           Power      Damage    Failure   Level
 Animate Skeleton         Necr           0%         N/A       50%         1
 Apportation              Tloc           0%         N/A       50%         1
 Summon Small Mammal      Summ           0%         N/A       50%         1
 Ensorcelled Hibernation  Hex/Ice        0%         N/A       65%         2
 Spider Form              Tmut/Pois      0%         N/A       86%         3
 Summon Lightning Spire   Summ/Air       0%         N/A       99%         4
 Storm Form               Tmut/Air       0%         N/A       100%        7
 Maxwell's Capacitive Co  Air            0%         ∞         100%        8


Dungeon Overview and Level Annotations

Branches:
Dungeon (9/15)             Temple (1/1) D:5            Lair (1/6) D:9
Ossuary (visited)
    Orc: D:9-12

Altars:
Ashenzari
Dithmenos
Elyvilon
Fedhas
Gozag
Hepliaklqana
Kikubaaqudgha
Makhleb
Nemelex Xobeh
Okawaru
Qazlal
Ru
Sif Muna
Trog
Uskayaw
Vehumet
Wu Jian
Xom
Yredelemnul
The Shining One

Shops:
D:2 [   D:7 ?


Message History

You freeze the cane toad.
The cane toad is severely wounded.
A boulder beetle comes into view.
You block the cane toad's attack.
You impale the cane toad!! You freeze the cane toad.
You kill the cane toad!
The boulder beetle is distracted by your dazzling golden aura.
A cane toad comes into view.
The cane toad gives a loud, deep croak!
A water moccasin comes into view.
You reach to attack!
You barely miss the cane toad. You completely miss the cane toad.
The cane toad stings you!
You puncture the cane toad! You freeze the cane toad.
The cane toad is moderately wounded.
The cane toad stings you!!
There are monsters nearby!
Unknown command.
Aiming: Charm
Press: ? - help, Shift-Dir - straight line, f - boulder beetle, p - cane toad
Aim: a boulder beetle (chance to affect: 44%)
The boulder beetle is no longer distracted by gold.
The boulder beetle resists with some effort.
The water moccasin bites you but does no damage.
You block the cane toad's attack.
Aiming: Charm
Press: ? - help, Shift-Dir - straight line, f/p - boulder beetle
Aim: a boulder beetle (chance to affect: 44%)
The boulder beetle is charmed.
You block the water moccasin's attack. The cane toad stings you!!
You are poisoned.
The cane toad poisons you!
The water moccasin completely misses you.
You feel very sick. You block the water moccasin's attack.
The cane toad stings you!!
* * * LOW HITPOINT WARNING * * *
You are more poisoned.
The cane toad poisons you!
You feel better. The water moccasin bites you!
You die...
Your body crumbles into a pile of gold.

..# ##. . #..##..#.
... ........## #... ##
.........###... ###.
..........#..## #^..
.........#.8..## #..
...............# #..
...(...F#8.>.8# #..
.....#.S@$....# #..
... #..##...## ### ##.
#
#.#.##...#####.#####.
...###.....#.#.....###
....#
#.......#.###.#..#
....
#.#.....#.......+.
..8.
.....8.#.+...8...#.
.P......#.#.........
#..#.....#.#.##.#..#.


You could see a cane toad and a water moccasin.

Vanquished Creatures
  A wolf spider zombie (D:7)
  2 centaur zombies (D:7)
  A cane toad (Lair:1)
  2 centaur skeletons (D:7)
  2 hellwings (D:7)
  2 trolls (D:9)
  A meliai zombie (D:7)
  6 yaks (D:8)
  A wyvern (D:7)
  2 steam dragons
  A basilisk (D:8)
  An acid dragon (D:9)
  An orc warrior (D:9)
  3 water moccasins
  A black bear (D:6)
  An ice beast (D:6)
  2 ogres
  5 wolves (Lair:1)
  3 centaurs
  A phantom (D:5)
  A gnoll sergeant (D:3)
  4 scorpions
  2 water moccasin skeletons
  3 killer bees (D:9)
  5 wights (D:8)
  3 orc priests
  2 hounds (D:6)
  A jelly (D:7)
  A gnoll shaman (D:6)
  Jessica (D:2)
  3 iguanas
  9 orc wizards
  3 killer bee zombies
  2 hound zombies (D:5)
  13 mummies (Ossuary)
  9 adders
  11 gnolls
  4 shadow imps (D:7)
  2 white imps
  A worm (D:3)
  A dart slug (D:4)
  16 orcs
  10 ball pythons
  7 endoplasms
  2 giant cockroaches
  3 hobgoblins
  2 jackals (D:1)
  3 kobolds
  5 quokkas
  2 bats (D:3)
  3 frilled lizards
  2 gnoll skeletons (Ossuary)
  6 goblins
  2 goblin skeletons (Ossuary)
  2 kobold skeletons (Ossuary)
  2 orc skeletons (Ossuary)
  7 rats
  11 rat skeletons (Ossuary)
205 creatures vanquished.

Vanquished Creatures (collateral kills)
  A troll (D:9)
1 creature vanquished.

Vanquished Creatures (others)
  A fungus (D:1)
  4 withered plants (D:7)
5 creatures vanquished.

Grand Total: 211 creatures vanquished

Notes
Turn   | Place    | Note
-------+----------+-------------------------------------------
     0 | D:1      | Armakuni the Human Wanderer began the quest for the Orb.
     0 | D:1      | Armakuni set off with the following items: a +3 spear, a +0
                  | mace, a +0 leather armour
     0 | D:1      | Reached XP level 1. HP: 16/16 MP: 2/2
    45 | D:1      | Found a faded altar of an unknown god.
   153 | D:1      | Reached XP level 2. HP: 18/23 MP: 3/3
   524 | D:1      | Identified a scroll of acquirement
   524 | D:1      | Acquired a +5 demon trident of freezing
   795 | D:1      | Reached XP level 3. HP: 28/29 MP: 4/4
  1244 | D:2      | Noticed Jessica
  1249 | D:2      | Killed Jessica
  1250 | D:2      | Reached XP level 4. HP: 37/37 MP: 5/5
  1265 | D:2      | Found Lasiut's Antique Armour Shoppe.
  1492 | D:2      | Found an ornate altar of the Wu Jian Council.
  1768 | D:3      | Reached XP level 5. HP: 36/42 MP: 6/6
  2251 | D:3      | Reached skill level 5 in Polearms
  2257 | D:3      | Reached XP level 6. HP: 28/49 MP: 7/7
  2648 | D:4      | Noticed a water moccasin
  2654 | D:4      | Killed a water moccasin
  2655 | D:4      | Reached skill level 5 in Fighting
  2655 | D:4      | Reached skill level 6 in Polearms
  2732 | D:4      | Reached skill level 1 in Shields
  2732 | D:4      | Reached XP level 7. HP: 50/56 MP: 8/8
  2966 | D:4      | Noticed a steam dragon
  2971 | D:4      | Killed a steam dragon
  3157 | D:4      | Noticed a water moccasin
  3168 | D:4      | Killed a water moccasin
  3169 | D:4      | Reached skill level 7 in Polearms
  3169 | D:4      | Reached XP level 8. HP: 57/62 MP: 9/9
  3658 | D:5      | Entered Level 5 of the Dungeon
  3660 | D:5      | Found a radiant altar of Vehumet.
  3796 | D:5      | Reached skill level 1 in Evocations
  3799 | D:5      | Found a sand-covered staircase.
  3827 | Ossuary  | Entered an ossuary
  4819 | D:5      | Reached skill level 8 in Polearms
  4819 | D:5      | Reached skill level 5 in Shields
  4819 | D:5      | Reached XP level 9. HP: 68/68 MP: 10/10
  4896 | D:5      | Found a staircase to the Ecumenical Temple.
  4908 | Temple   | Entered the Ecumenical Temple
  5087 | Temple   | Became a worshipper of Gozag Ym Sagoz the Greedy
  5418 | D:5      | Found a sacrificial altar of Ru.
  6491 | D:7      | Reached skill level 9 in Polearms
  6491 | D:7      | Reached skill level 5 in Evocations
  6519 | D:7      | Reached XP level 10. HP: 42/74 MP: 11/11
  6682 | D:7      | Reached skill level 10 in Polearms
  7461 | D:7      | Found Oxtisa's Magic Scroll Shoppe.
  7469 | D:7      | Bought a scroll of enchant weapon for 105 gold pieces
  7473 | D:7      | Bought a scroll of immolation for 49 gold pieces
  7473 | D:7      | Bought a scroll of torment for 105 gold pieces
  7473 | D:7      | Bought a scroll of vulnerability for 105 gold pieces
  7473 | D:7      | Bought 2 scrolls of identify for 56 gold pieces
  7473 | D:7      | Bought 2 scrolls of identify for 56 gold pieces
  7473 | D:7      | Bought a scroll of identify for 28 gold pieces
  7473 | D:7      | Bought a scroll of identify for 28 gold pieces
  7505 | D:7      | Found a hide-covered altar of Uskayaw.
  8109 | D:8      | Reached skill level 11 in Polearms
  8727 | D:8      | Found a bloodstained altar of Trog.
  8761 | D:8      | Reached XP level 11. HP: 79/79 MP: 12/12
  9336 | D:9      | Acquired the ring of the Mage {Wiz Archmagi}
  9336 | D:9      | Found the ring of the Mage {Wiz Archmagi}
  9364 | D:9      | Reached skill level 10 in Shields
  9439 | D:9      | Reached skill level 12 in Polearms
  9527 | D:9      | Found a staircase to the Lair.
  9934 | Lair:1   | Entered Level 1 of the Lair of Beasts
 10133 | Lair:1   | Noticed a boulder beetle
 10141 | Lair:1   | HP: 2/79 [cane toad (22)]
 10142 | Lair:1   | Slain by a water moccasin

Illustrated notes

Levels and vault maps discovered:
D:1:      erik_arrival_triangle_medium, layout_basic,
          shapermc_ecumenical_altar_mp_urbaneastern, minmay_misc_feat_plants,
          kennysheep_crisscross
D:2:      layout_rooms, basic_altar, serial_shops, shop, uniq_jessica
D:3:      layout_basic
D:4:      layout_cave_pods, kennysheep_big_empty_room
D:5:      layout_basic, nicolae_vehumet_altar_sigil, lemuel_tele_altar,
          minmay_temple_entry_slanted, nicolae_ossuary_entry_monument,
          kennysheep_pointless_box, serial_park_tiny_2, eino_tiny_chamber,
          uniq_edmund
D:6:      layout_basic
D:7:      cheibrodos_grave_circle, layout_cave_pods,
          mainiacjoe_overflow_alcove_1, serial_shops, nicolae_square_shop
D:8:      layout_basic, mainiacjoe_overflow_small_starburst
D:9:      layout_loops_ring, lair_entry_dummy
Temple:   nicolae_temple_elliptical
Lair:1:   layout_cave_pods, grunt_megastairs_1

Skill      XL: |  1  2  3  4  5  6  7  8  9 10 11 |
---------------+----------------------------------+-----
Fighting       | 3 4 5 |  5.0
Polearms       | 5 6 7 8 9 11 12 | 12.2
Shields        | 1 3 5 7 9 10 | 10.5
Evocations     | 3 5 |  5.0
Maces & Flails | |  1.0
Armour         | |  2.0
Spellcasting   | |  1.0

Action                   |  1- 3 |  4- 6 |  7- 9 | 10-12 || total
-------------------------+-------+-------+-------+-------++-------
Melee: Spear             |    25 |       |       |       ||    25
       Demon trident     |    32 |    72 |   224 |   195 ||   523
Throw: Throwing net      |       |     1 |     2 |       ||     3
Evoke: Wand              |       |       |       |     5 ||     5
  Use: Scroll            |     5 |     1 |    10 |    11 ||    27
       Potion            |       |       |       |     1 ||     1
 Stab: Sleeping          |     2 |     1 |     1 |     1 ||     5
       Held in net/web   |       |       |     2 |       ||     2
       Distracted        |       |       |       |     1 ||     1
Armor: Leather armour    |     5 |       |       |       ||     5
       Ring mail         |       |    12 |     4 |       ||    16
       Steam dragon scal |       |       |    49 |    51 ||   100
Dodge: Dodged            |    21 |    12 |    69 |    65 ||   167
Block: Kite shield       |       |       |       |    22 ||    22

Table legend: (Time is in decaauts)
 A = Elapsed time spent in this place.
 B = Non-inter-level travel time spent in this place.
 C = Inter-level travel time spent in this place.
 D = Time resting spent in this place.
 E = Time spent auto-exploring this place.
 F = Levels seen in this place.
 G = Mean time per level.
                   A        B        C        D        E       F      G
               +--------+--------+--------+--------+--------+-----+--------+
         Total |  10223 |   9906 |    317 |   1748 |   6494 |  12 |  851.9 |
       Dungeon |   9240 |   8944 |    296 |   1670 |   5846 |   9 | 1026.7 |
        Temple |    201 |    180 |     21 |      0 |    127 |   1 |  201.0 |
          Lair |    202 |    202 |      0 |      0 |    169 |   1 |  202.0 |
       Ossuary |    578 |    578 |      0 |     78 |    352 |   1 |  578.0 |
               +--------+--------+--------+--------+--------+-----+--------+

Top non-repeatable levels by time:
     D:6: 1410 daAuts
     D:7: 1201 daAuts
     D:4: 1052 daAuts
     D:1: 1043 daAuts
     D:3: 1042 daAuts
     D:8: 1029 daAuts
     D:5: 988 daAuts
     D:9: 950 daAuts
 Ossuary: 578 daAuts
     D:2: 521 daAuts
  Lair:1: 202 daAuts
  Temple: 201 daAuts
